 Seeded DCSS version 0.28-a0-1374-ga75cb38 (webtiles) character file.

Game seed: 6760368435528562141 (custom seed)

17216 Geeful the Protected (level 10, 0/70 (72) HPs)
             Began as a Gargoyle Conjurer on Dec 27, 2021.
             Was a High Priest of Ru.
             Slain by an ice devil (22 damage)
             ... in an ice cave on Dec 31, 2021.
             The game lasted 00:59:39 (13094 turns).

Geeful the Protected (Gargoyle Conjurer)           Turns: 13094, Time: 00:59:39

HP:   0/70 (72)     AC: 29    Str: 19    XL:     10   Next: 45%
MP:   13/13         EV:  8    Int: 18    God:    Ru [*****.]
Gold: 2779          SH:  0    Dex: 14    Spells: 12/13 levels left

rFire   . . .      SeeInvis .     - Unarmed
rCold   . . .      Faith    .   (no shield)
rNeg    + . .      Spirit   .   h - +0 plate armour
rPois   ∞          Reflect  .   l - +0 helmet "Tuaber" {Str+3 Dex+2}
rElec   +          Harm     .   J - +1 cloak
rCorr   .          Rampage  .   c - +1 pair of gloves
Will    .....                   (no boots)
Stlth   ..........              e - amulet of regeneration
HPRegen 1.01/turn               j - ring of wizardry
MPRegen 0.13/turn               K - +6 ring of dexterity

@: marked, lightly drained
A: sickness immunity, AC +7, clumsy 1, negative energy resistance 1, electricity
resistance, torment resistance 1, petrification resistance, no stealth,
inability to use devices, inexperienced 1
a: Renounce Religion, Draw Out Power, Power Leap, Apocalypse


You were in an ice cave.
You worshipped Ru.
Ru was extremely pleased with you.
You visited 3 branches of the dungeon, and saw 14 of its levels.
You also visited: Ossuary, Bailey and Ice Cave.

You collected 2779 gold pieces.

Inventory:

Hand Weapons
 a - a +5 dagger of venom
 z - the +3 hand axe "Ovou" {vorpal, SInv}
   (You found it on level 7 of the Dungeon)

   It inflicts extra damage upon your enemies.
   SInv:      It lets you see invisible.
Missiles
 f - 55 poisoned darts
 n - 12 atropa-tipped darts
 p - 6 curare-tipped darts (quivered)
 y - 3 throwing nets
 I - 3 datura-tipped darts
Armour
 c - a +1 pair of gloves (worn)
 h - a +0 plate armour (worn)
 l - the +0 helmet "Tuaber" (worn) {Str+3 Dex+2}
   (You found it on level 9 of the Dungeon)

   Str:       It affects your strength (+3).
   Dex:       It affects your dexterity (+2).
 J - a +1 cloak (worn)
Jewellery
 e - an amulet of regeneration (around neck)
 j - a ring of wizardry (left hand)
 k - a ring of resist corrosion
 s - an amulet of guardian spirit
 K - a +6 ring of dexterity (right hand)
Scrolls
 q - 2 scrolls of amnesia
 t - 6 scrolls of teleportation
 u - a scroll of fog
 A - a scroll of fear
 C - a scroll of enchant armour
 D - a scroll of immolation
Potions
 d - 5 potions of flight
 g - 3 potions of magic
 m - 4 potions of lignification
 o - a potion of haste
 r - 5 potions of mutation
 w - 5 potions of brilliance
 x - 4 potions of attraction
 M - a potion of cancellation {unknown}


   Skills:
 + Level 12.5 Fighting
 + Level 12.5 Armour
 + Level 3.5 Dodging
 + Level 11.2 Unarmed Combat
 - Level 2.0 Spellcasting
 - Level 4.3 Conjurations


You had 12 spell levels left.
You knew the following spells:

 Your Spells              Type           Power      Damage    Failure   Level
a - Magic Dart            Conj           68%        1d6       19%         1

Your spell library contained the following spells:

 Spells                   Type           Power      Damage    Failure   Level
 Searing Ray              Conj           34%        2d5       26%         2
 Static Discharge         Conj/Air       9%         N/A       52%         2
 Beastly Appendage        Tmut           2%         N/A       69%         1
 Sandblast                Erth           2%         2d4       69%         1
 Dazzling Flash           Conj/Hex       18%        N/A       77%         3
 Stone Arrow              Conj/Erth      18%        3d8       77%         3
 Ensorcelled Hibernation  Hex/Ice        2%         N/A       82%         2
 Passwall                 Tmut/Erth      0%         N/A       82%         2
 Wereblood                Tmut           1%         N/A       82%         2
 Mephitic Cloud           Conj/Pois/Air  7%         N/A       86%         3
 Ignite Poison            Fire/Tmut/Pois 1%         N/A       96%         3
 Spider Form              Tmut/Pois      1%         N/A       96%         3
 Fulminant Prism          Conj/Hex       4%         3d6       98%         4
 Iskenderun's Mystic Bla  Conj/Tloc      9%         2d4       98%         4
 Sticky Flame             Conj/Fire      9%         2d3       98%         4
 Dispel Undead            Necr           1%         3d6       100%        4
 Agony                    Necr           1%         N/A       100%        5
 Freezing Cloud           Conj/Ice/Air   3%         6-21      100%        5
 Lightning Bolt           Conj/Air       4%         1d16      100%        5
 Silence                  Hex/Air        0%         N/A       100%        5
 Malign Gateway           Summ/Tloc      0%         N/A       100%        7
 Maxwell's Capacitive Co  Air            0%         ∞         100%        8
 Summon Horrible Things   Summ           0%         N/A       100%        8


Dungeon Overview and Level Annotations

Branches:
Dungeon (11/15)            Temple (1/1) D:5            Lair (2/6) D:9
    Orc (0/2) D:10        Ossuary (visited)          Bailey (visited)
  IceCv (1/1)
  Swamp: Lair:2-4    Shoals: Lair:2-4     Snake: Lair:2-4    Spider: Lair:2-4

Altars:
Ashenzari
Cheibriados
Hepliaklqana
Kikubaaqudgha
Makhleb
Okawaru
Qazlal
Ru
Sif Muna
Uskayaw
Vehumet
Wu Jian
Xom
Yredelemnul
Zin
The Shining One


Innate Abilities, Weirdness & Mutations

You are immune to sickness and miasma.
Your stone body is resilient. (AC +7)
You are immune to poison.
You are clumsy. (Dex -2)
You resist negative energy. (rN+)
You are resistant to electric shocks. (rElec)
You are resistant to unholy torment.
You are immune to petrification.
You cannot be stealthy.
You cannot study or use magical devices.
You are somewhat inexperienced. (-2 XL)


Message History

You punch the ice devil!
You kill the ice devil!
You hit the ice devil but do no damage.
You redirect the ice devil's attack!
The ice devil hits itself but does no damage.
You catch the helpless ice devil completely off-guard!
You hit the ice devil but do no damage.
The ice devil hits you but does no damage.
You hit the ice devil but do no damage. You hit the ice devil but do no damage.
The ice devil hits you but does no damage.
The necromancer gestures at you while chanting.
The bolt of negative energy hits the ice devil.
The ice devil completely resists.
The bolt of negative energy hits you! You partially resist.
You feel drained.
You focus your inner power and blind the necromancer in retribution!
You punch the ice devil!
The ice devil is lightly wounded.
The ice devil hits you. The ice devil freezes you!
You barely miss the ice devil. Your punch misses the ice devil.
The ice devil is lightly wounded.
The ice devil hits you. The ice devil freezes you!
Your plate armour prevents you from hitting the ice devil.
You punch the ice devil.
The ice devil is lightly wounded.
You hit the ice devil.
The ice devil is moderately wounded.
The ice devil closely misses you.
You hit the ice devil but do no damage.
The ice devil is moderately wounded.
The ice devil hits you but does no damage.
The necromancer begins to cast a spell, but is stunned by your conviction!
You punch the ice devil!
The ice devil is severely wounded.
The ice devil is stunned by your conviction and fails to attack.
The necromancer begins to cast a spell, but is stunned by your conviction!
You hit the ice devil.
The ice devil is severely wounded.
The ice devil hits you! The ice devil freezes you!!
You die...

#..## #[[# ##.##
##..###### #..#
###..## ##.##
##.##W.# #..##
#...#4.# ##..#
W4..#..### ##.##
..#...###.###
#..## W
#..###....####..#
#####......##.@##
#..##....##4##
#..$##....#p.#
+..!)#......##
#4.()#......#
#..$##..4..##
#..##....###
#..p.p.##
##...###


You could see an ice devil and a necromancer (blind).

Vanquished Creatures
  Josephine (D:11)
  Erica (D:10)
  A hydra (D:11)
  A centaur warrior (D:11)
  A death knight (D:11)
  2 two-headed ogres
  An ice statue (IceCv)
  A guardian serpent (D:11)
  A cane toad (Lair:1)
  A rime drake (Lair:1)
  An anaconda simulacrum (IceCv)
  3 freezing wraiths (IceCv)
  2 trolls
  7 ice devils (IceCv)
  A shadow (D:10)
  5 wraiths (D:11)
  8 yaks (D:10)
  2 dire elephant simulacra (IceCv)
  A basilisk (Lair:1)
  A steam dragon (D:8)
  2 vampire mosquitoes (D:9)
  2 death yak simulacra (IceCv)
  An acid dragon (D:9)
  2 water moccasins
  Duvessa (D:4)
  2 sky beasts
  3 ogres
  9 orc warriors
  An ice beast (D:6)
  2 necrophages (D:5)
  4 centaurs
  3 phantoms
  6 bullfrogs
  2 gnoll sergeants (D:8)
  4 cane toad simulacra (IceCv)
  5 scorpions
  Dowan (D:4)
  3 elephant simulacra (IceCv)
  6 killer bees (D:8)
  2 troll zombies (D:10)
  3 wights (D:10)
  An electric eel (Lair:1)
  3 howler monkeys
  2 bullfrog zombies
  3 centaur zombies
  Crazy Yiuf (D:7)
  3 orc priests
  A human zombie (D:5)
  A bullfrog skeleton (D:6)
  4 orc wizards
  4 iguanas
  3 polar bear simulacra (IceCv)
  2 scorpion zombies (D:5)
  3 troll simulacra (IceCv)
  3 killer bee zombies
  2 wolf simulacra (IceCv)
  4 ogre zombies (D:10)
  A hound zombie (D:5)
  A hound skeleton (D:4)
  11 mummies
  16 gnolls
  A howler monkey skeleton (D:5)
  8 adders
  A shadow imp (D:8)
  A white imp (D:8)
  4 ufetubi
  An adder zombie (D:5)
  2 worms
  3 dart slugs
  35 orcs
  11 ball pythons
  5 bats
  5 endoplasms
  7 giant cockroaches
  11 goblins
  8 hobgoblins
  7 quokkas
  2 frilled lizards
  A gnoll zombie (Ossuary)
  A goblin zombie (D:10)
  2 hobgoblin zombies (Ossuary)
  14 kobolds
  2 kobold zombies (Ossuary)
  3 orc skeletons (D:10)
  18 orc zombies
  9 rats
337 creatures vanquished.

Vanquished Creatures (others)
  A wyvern (Lair:1)
  An orc warrior (D:8)
  A bullfrog (Lair:1)
  A centaur zombie (D:9)
  2 fungi (D:9)
6 creatures vanquished.

Grand Total: 343 creatures vanquished

Notes
Turn   | Place    | Note
-------+----------+-------------------------------------------
     0 | D:1      | Geeful the Gargoyle Conjurer began the quest for the Orb.
     0 | D:1      | Reached XP level 1. HP: 10/10 MP: 3/3
   265 | D:1      | Reached XP level 2. HP: 11/16 MP: 0/5
   365 | D:1      | Reached skill level 1 in Armour
   391 | D:2      | Reached skill level 1 in Fighting
   799 | D:1      | Found a faded altar of an unknown god.
  1529 | D:1      | Reached XP level 3. HP: 11/20 MP: 6/6
  2534 | D:2      | Found a hazy altar of Hepliaklqana.
  2563 | D:2      | Reached XP level 4. HP: 26/26 MP: 7/7
  3484 | D:3      | Reached XP level 5. HP: 31/32 MP: 8/8
  3718 | D:4      | Reached skill level 1 in Unarmed Combat
  3934 | D:4      | Noticed Duvessa
  3934 | D:4      | Noticed Dowan
  3958 | D:4      | Killed Duvessa
  3959 | D:4      | Reached XP level 6. HP: 24/38 MP: 9/9
  3972 | D:4      | Killed Dowan
  4492 | D:5      | Entered Level 5 of the Dungeon
  4497 | D:5      | Found a staircase to the Ecumenical Temple.
  4507 | Temple   | Entered the Ecumenical Temple
  4664 | Temple   | Became a worshipper of Ru the Awakened
  4688 | D:5      | Reached XP level 7. HP: 44/44 MP: 10/10
  5049 | D:5      | Found a basalt altar of Yredelemnul.
  5072 | D:5      | Reached skill level 5 in Fighting
  5072 | D:5      | Reached skill level 5 in Armour
  5216 | D:5      | Reached XP level 8. HP: 39/50 MP: 11/11
  5592 | D:5      | Gained mutation: You are clumsy. (Dex -2) [Ru sacrifice]
  5868 | D:6      | Reached skill level 5 in Unarmed Combat
  5930 | D:6      | Found a sand-covered staircase.
  5941 | Ossuary  | Entered an ossuary
  6361 | Ossuary  | Identified a scroll of acquirement
  6361 | Ossuary  | Acquired 1155 gold pieces
  6751 | D:6      | Noticed a troll
  6761 | D:6      | Reached XP level 9. HP: 54/57 MP: 12/12
  6782 | D:6      | Killed a troll
  7267 | D:7      | Found a flagged portal.
  7273 | D:7      | Identified the +3 hand axe "Ovou" {vorpal, SInv}
  7277 | Bailey   | Entered a bailey
  7699 | Bailey   | Identified the +4 shortbow of Teoqoxoj {freeze, rC+}
  7846 | D:7      | You fall into a shaft and drop 2 floors!
  8015 | D:7      | Found a runed translucent door.
  8016 | D:7      | Upgraded the game from 0.28-a0-1312-g71652a0 to
                  | 0.28-a0-1374-ga75cb38
  8016 | D:7      | Noticed Crazy Yiuf
  8023 | D:7      | Killed Crazy Yiuf
  8275 | D:7      | Gained mutation: You cannot study or use magical devices.
                  | [Ru sacrifice]
  8275 | D:7      | Reached * piety under Ru
  8275 | D:7      | Reached ** piety under Ru
  8582 | D:8      | Reached XP level 10. HP: 59/65 MP: 13/13
  8610 | D:8      | Identified the amulet of Elaimm {Spirit -Cast Drain rElec
                  | rPois}
  9384 | D:9      | Identified the +0 helmet "Tuaber" {Str+3 Dex+2}
  9581 | D:9      | Found a staircase to the Lair.
 10003 | D:10     | Entered Level 10 of the Dungeon
 10100 | D:10     | Reached skill level 10 in Fighting
 10100 | D:10     | Reached skill level 10 in Armour
 10225 | D:10     | Noticed Erica
 10290 | D:10     | Killed Erica
 10291 | D:10     | Reached XP level 11. HP: 62/73 MP: 14/14
 10327 | D:10     | Noticed a brown ugly thing
 10345 | D:10     | Noticed a two-headed ogre
 10359 | D:10     | Killed a two-headed ogre
 10423 | D:10     | Found a staircase to the Orcish Mines.
 10506 | D:10     | Gained mutation: You are somewhat inexperienced. (-2 XL)
                  | [Ru sacrifice]
 10506 | D:10     | Reached XP level 10. HP: 68/68 MP: 13/13
 10506 | D:10     | Reached XP level 9. HP: 63/63 MP: 12/12
 10506 | D:10     | Reached *** piety under Ru
 10506 | D:10     | Reached **** piety under Ru
 10639 | D:10     | Identified the +1 scale mail of the Elephant {Contam rN+++
                  | rCorr Dex-4}
 10922 | D:11     | Noticed a death knight
 10939 | D:11     | HP: 3/63 [death knight (21)]
 10949 | D:11     | Killed a death knight
 11049 | D:11     | Noticed Josephine
 11075 | D:11     | Killed Josephine
 11076 | D:11     | Reached skill level 10 in Unarmed Combat
 11187 | D:11     | Noticed a centaur warrior
 11209 | D:11     | Killed a centaur warrior
 11263 | D:11     | Noticed a four-headed hydra
 11277 | D:11     | Killed a four-headed hydra
 11487 | D:11     | Noticed a two-headed ogre
 11500 | D:11     | Killed a two-headed ogre
 11858 | Lair:1   | Entered Level 1 of the Lair of Beasts
 12062 | Lair:1   | Reached XP level 10. HP: 54/71 MP: 13/13
 12092 | Lair:1   | You fall into a shaft and drop 1 floor!
 12255 | Lair:1   | Found a frozen archway.
 12273 | IceCv    | Entered an ice cave
 12412 | IceCv    | HP: 3/71 [ice devil (13)]
 12592 | IceCv    | HP: 1/71 [ice devil (12)]
 12728 | IceCv    | Found an ancient bone altar of Kikubaaqudgha.
 12871 | IceCv    | Gained mutation: You cannot be stealthy. [Ru sacrifice]
 12871 | IceCv    | Reached ***** piety under Ru
 13067 | IceCv    | Found the +8 frozen axe "Frostbite" {freezing cloud, *Noise
                  | Fly rC+}
 13094 | IceCv    | Slain by an ice devil

Illustrated notes

Levels and vault maps discovered:
D:1:      erik_arrival_triangle_small, layout_loops_corners,
          nicolae_ecumenical_snake_handling, st_stairs_11
D:2:      layout_rooms, basic_altar
D:3:      layout_loops_corners
D:4:      layout_loops_ring, grunt_decor_resistance, uniq_duvessa
D:5:      layout_gridville, lemuel_mausoleum_altar_yredelemnul,
          minmay_temple_entry_sparse_star
D:6:      cheibrodos_barr_body, layout_loops_ring,
          nicolae_ossuary_entry_monument, minivault_23
D:7:      layout_rooms, enter_bailey_2, minivault_10,
          kennysheep_generic_room_10, uniq_crazy_yiuf_cottage
D:8:      layout_rooms, ebering_dispersal_statue_hall
D:9:      layout_loops_cross, grunt_lair_entry_orc_guard_hut
D:10:     layout_rooms, zombieorc1_lemuel, lightli_corner_chamber, uniq_erica
D:11:     layout_loops_ring, nrook_guardian_serpent_double, uniq_josephine
Temple:   mainiacjoe_temple_hex_bubbles
Lair:1:   layout_gridlike, portal_ice_cave_demonic_guard
Lair:2:   layout_loops_ring, spider_nest_entry_a, minivault_23,
          serial_bayou_shore_b
IceCv:    ice_cave_small_necro

Skill      XL: |  1  2  3  4  5  6  7  8  9 10 |
---------------+-------------------------------+-----
Armour         | 1 2 3 4 5 7 12 10 | 12.5
Fighting       | 1 2 3 4 5 7 12 10 | 12.5
Dodging        | 2 3 |  3.5
Unarmed Combat | 2 4 5 10 11 | 11.2
Stealth        | 0 |  0.0
Spellcasting   | |  2.0
Conjurations   | |  4.3

Action                   |  1- 3 |  4- 6 |  7- 9 | 10-12 || total
-------------------------+-------+-------+-------+-------++-------
Melee: Dagger            |   174 |   163 |   873 |   272 ||  1482
       Short sword       |    11 |       |       |       ||    11
       Punch             |       |       |    30 |    34 ||    64
       Unarmed           |       |       |   157 |   426 ||   583
Throw: Dart              |       |     6 |    10 |     6 ||    22
 Cast: Magic Dart        |    15 |       |       |       ||    15
Invok: Sacrifice Purity  |       |       |     1 |       ||     1
       Sacrifice Artific |       |       |     1 |       ||     1
       Sacrifice Experie |       |       |     1 |       ||     1
       Power Leap        |       |       |       |     2 ||     2
       Sacrifice Stealth |       |       |       |     1 ||     1
Evoke: Wand              |       |       |     3 |       ||     3
  Use: Scroll            |     5 |    10 |    12 |     2 ||    29
       Potion            |       |     1 |     2 |    15 ||    18
 Stab: Sleeping          |     1 |       |       |       ||     1
       Invisible         |       |       |     4 |     3 ||     7
       Distracted        |       |       |       |     1 ||     1
Armor: Robe              |     4 |       |       |       ||     4
       Plate armour      |   132 |   142 |   823 |   531 ||  1628
Dodge: Dodged            |    29 |    34 |   269 |   226 ||   558

Table legend: (Time is in decaauts)
 A = Elapsed time spent in this place.
 B = Non-inter-level travel time spent in this place.
 C = Inter-level travel time spent in this place.
 D = Time resting spent in this place.
 E = Time spent auto-exploring this place.
 F = Levels seen in this place.
 G = Mean time per level.
                   A        B        C        D        E       F      G
               +--------+--------+--------+--------+--------+-----+--------+
         Total |  13008 |  12509 |    499 |    749 |   7057 |  17 |  765.2 |
       Dungeon |  10753 |  10275 |    478 |    373 |   6701 |  11 |  977.5 |
        Temple |    173 |    157 |     16 |      0 |     48 |   1 |  173.0 |
          Lair |    412 |    407 |      5 |      0 |    308 |   2 |  206.0 |
       Ossuary |    442 |    442 |      0 |     65 |      0 |   1 |  442.0 |
        Bailey |    502 |    502 |      0 |     47 |      0 |   1 |  502.0 |
      Ice Cave |    722 |    722 |      0 |    264 |      0 |   1 |  722.0 |
               +--------+--------+--------+--------+--------+-----+--------+

Top non-repeatable levels by time:
     D:1: 2127 daAuts
     D:5: 1153 daAuts
     D:3: 1072 daAuts
    D:11: 1001 daAuts
     D:6: 973 daAuts
    D:10: 845 daAuts
     D:9: 820 daAuts
     D:4: 791 daAuts
     D:7: 739 daAuts
     D:8: 725 daAuts
   IceCv: 722 daAuts
     D:2: 502 daAuts
  Bailey: 502 daAuts
 Ossuary: 442 daAuts
  Lair:1: 404 daAuts
